 Dungeon Crawl Stone Soup version 0.29-a0-284-gf9362112df (webtiles) character file.

Game seed: 12882565689966373430

140 epen the Vexing (level 5, -23/40 HPs)
             Began as a Gnoll Arcane Marksman on Mar 15, 2022.
             Annihilated by an ogre
             ... wielding a +0 giant club
              (33 damage)
             ... on level 4 of the Dungeon.
             The game lasted 00:02:43 (2554 turns).

epen the Vexing (Gnoll Arcane Marksman)             Turns: 2554, Time: 00:02:43

Health: -23/40     AC:  6    Str: 10    XL:     5   Next: 23%
Magic:  9/9        EV: 11    Int: 12    God:
Gold:   114        SH:  0    Dex: 14    Spells: 9/10 levels left

rFire   . . .      SeeInvis .   a - +0 shortbow
rCold   . . .      Faith    .   (shield currently unavailable)
rNeg    . . .      Spirit   .   p - +1 ring mail
rPois   .          Reflect  .   (no helmet)
rElec   .          Harm     .   (no cloak)
rCorr   .          Rampage  .   (no gloves)
Will    .....                   (no boots)
Stlth   +.........              (no amulet)
HPRegen 0.13/turn               (no ring)
MPRegen 0.11/turn               (no ring)

@: no status effects
A: fangs 1, strong nose, distributed training
a: no special abilities


You were on level 4 of the Dungeon.
You visited 1 branch of the dungeon, and saw 4 of its levels.

You collected 114 gold pieces.

Inventory:

Hand Weapons
 a - a +0 shortbow (weapon)
Armour
 b - a +0 robe
 p - a +1 ring mail (worn)
Jewellery
 g - an amulet of faith
Wands
 q - a wand of digging (3)
Scrolls
 c - a scroll of vulnerability
 l - a scroll of teleportation
 o - a scroll of enchant armour
Potions
 d - a potion of heal wounds
 e - a potion of flight
 f - 2 potions of invisibility
 h - 2 potions of ambrosia {unknown}
 n - a potion of haste {unknown}


   Skills:
 + Level 2.9 Fighting
 + Level 1.4 Short Blades
 + Level 1.4 Long Blades
 + Level 1.4 Axes
 + Level 1.4 Maces & Flails
 + Level 1.4 Polearms
 + Level 1.4 Staves
 + Level 1.4 Slings
 + Level 4.7 Bows
 + Level 1.4 Crossbows
 + Level 1.4 Throwing
 + Level 1.4 Armour
 + Level 4.7 Dodging
 + Level 1.4 Stealth
 + Level 1.4 Shields
 + Level 1.4 Unarmed Combat
 + Level 3.1 Spellcasting
 + Level 1.1 Conjurations
 + Level 5.5 Hexes
 + Level 1.1 Summonings
 + Level 1.1 Necromancy
 + Level 1.1 Translocations
 + Level 1.1 Transmutations
 + Level 1.1 Fire Magic
 + Level 1.1 Ice Magic
 + Level 1.1 Air Magic
 + Level 1.1 Earth Magic
 + Level 1.1 Poison Magic
 + Level 1.5 Invocations
 + Level 1.4 Evocations


You had 9 spell levels left.
You knew the following spells:

 Your Spells              Type           Power      Damage    Failure   Level
a - Slow                  Hex            60%        N/A       6%          1

Your spell library contained the following spells:

 Spells                   Type           Power      Damage    Failure   Level
 Animate Skeleton         Necr           8%         N/A       36%         1
 Apportation              Tloc           8%         N/A       36%         1
 Shock                    Conj/Air       16%        1d4       36%         1
 Summon Small Mammal      Summ           16%        N/A       36%         1
 Inner Flame              Hex/Fire       9%         N/A       43%         3
 Portal Projectile        Hex/Tloc       18%        N/A       43%         3
 Sublimation of Blood     Necr           4%         N/A       50%         2
 Wereblood                Tmut           4%         N/A       50%         2
 Cause Fear               Hex            7%         N/A       54%         4
 Swiftness                Air            4%         N/A       75%         3
 Airstrike                Air            2%         N/A       98%         4
 Summon Hydra             Summ           2%         N/A       100%        7


Dungeon Overview and Level Annotations

Branches:
Dungeon (4/15)             Temple (0/1) D:4

Altars:
Kikubaaqudgha
Qazlal
Sif Muna
Vehumet


Innate Abilities, Weirdness & Mutations

You have very sharp teeth.
Your uncanny sense of smell can sniff out nearby items.
Your experience applies equally to all skills.


Message History

You feel sick.
You are no longer poisoned.
The adder closely misses you. The adder bites you.
You shoot an arrow.
The arrow hits the adder but does no damage.
The adder is severely wounded.
The adder bites you but does no damage. x2
You shoot an arrow. The arrow hits the adder.
You kill the adder!
The ogre barely misses you.
You shoot an arrow. The arrow hits the ogre!
The ogre is moderately wounded.
The ogre misses you.
You shoot an arrow. The arrow barely misses the ogre.
The ogre hits you with a +0 giant club!!
Ouch! That really hurt!
* * * LOW HITPOINT WARNING * * *
You are too injured to fight recklessly!
You are too injured to fight recklessly!
You are too injured to fight recklessly!
You are too injured to fight recklessly!
You are too injured to fight recklessly!
You are too injured to fight recklessly!
You are too injured to fight recklessly!
You are too injured to fight recklessly!
You are too injured to fight recklessly!
You are too injured to fight recklessly!
You are too injured to fight recklessly!
You are too injured to fight recklessly!
You are too injured to fight recklessly!
You are too injured to fight recklessly!
You are too injured to fight recklessly!
Shoot: a) +0 shortbow
Press: ? - help, Shift-Dir - straight line, f/p - ogre
Aim: an ogre, wielding a +0 giant club (moderately wounded, 76% to hit)
You shoot an arrow. The arrow hits the ogre.
The ogre is heavily wounded.
The ogre hits you with a +0 giant club!!
Ouch! That really hurt!
You die...

##### ######...#
#......#.########**
#.####...........,, *** #.#
*############**
****,#######.###...#*********
*,,,,........@...#,,,,,,,,,,*
*,**,#.#####O##..#*********,*
*,**,*,****#.#*,.# *,*
*,**,*,*,,,..#*,,# *,*
*,**,,,,,,..##*,,* *,*
*,**,,,,,...* *,,* #.##
*,**,,,,....#**,,**#### #...
*,**,,,.....,.,,,**...########
*,**,,,,,,.###.*,##..,........


You could see an ogre.

Vanquished Creatures
  8 adders
  3 dart slugs
  4 orcs (D:3)
  7 endoplasms
  2 giant cockroaches
  7 goblins
  4 hobgoblins
  4 jackals (D:3)
  2 quokkas (D:1)
  3 ball pythons
  8 bats
  3 kobolds
  A rat (D:1)
56 creatures vanquished.

Vanquished Creatures (others)
  A plant (D:3)
1 creature vanquished.

Grand Total: 57 creatures vanquished

Notes
Turn   | Place    | Note
-------+----------+-------------------------------------------
     0 | D:1      | epen the Gnoll Arcane Marksman began the quest for the Orb.
     0 | D:1      | Reached XP level 1. HP: 17/17 MP: 4/4
   142 | D:1      | Reached XP level 2. HP: 19/23 MP: 5/5
   578 | D:2      | Reached XP level 3. HP: 28/28 MP: 7/7
   680 | D:2      | Found a faded altar of an unknown god.
   774 | D:2      | Reached skill level 1 in Invocations
   986 | D:2      | Reached skill level 1 in Short Blades
   986 | D:2      | Reached skill level 1 in Long Blades
   986 | D:2      | Reached skill level 1 in Axes
   986 | D:2      | Reached skill level 1 in Maces & Flails
   986 | D:2      | Reached skill level 1 in Polearms
   986 | D:2      | Reached skill level 1 in Staves
   986 | D:2      | Reached skill level 1 in Slings
   986 | D:2      | Reached skill level 1 in Crossbows
   986 | D:2      | Reached skill level 1 in Throwing
   986 | D:2      | Reached skill level 1 in Armour
   986 | D:2      | Reached skill level 1 in Stealth
   986 | D:2      | Reached skill level 1 in Shields
   986 | D:2      | Reached skill level 1 in Unarmed Combat
   986 | D:2      | Reached skill level 1 in Evocations
  1214 | D:3      | Found a shimmering blue altar of Sif Muna.
  1214 | D:3      | Found an ancient bone altar of Kikubaaqudgha.
  1227 | D:3      | Reached XP level 4. HP: 34/34 MP: 8/8
  1804 | D:3      | Reached skill level 1 in Conjurations
  1804 | D:3      | Reached skill level 1 in Summonings
  1804 | D:3      | Reached skill level 1 in Necromancy
  1804 | D:3      | Reached skill level 1 in Translocations
  1804 | D:3      | Reached skill level 1 in Transmutations
  1804 | D:3      | Reached skill level 1 in Fire Magic
  1804 | D:3      | Reached skill level 1 in Ice Magic
  1804 | D:3      | Reached skill level 1 in Air Magic
  1804 | D:3      | Reached skill level 1 in Earth Magic
  1804 | D:3      | Reached skill level 1 in Poison Magic
  2000 | D:3      | Reached XP level 5. HP: 39/40 MP: 9/9
  2045 | D:3      | Found a stormy altar of Qazlal.
  2099 | D:3      | Found a radiant altar of Vehumet.
  2540 | D:4      | Noticed an ogre
  2554 | D:4      | Annihilated by an ogre

Illustrated notes

Levels and vault maps discovered:
D:1:      lightli_arrival_statuegarden, layout_rooms, minivault_25
D:2:      layout_rooms, hellmonk_ecumenical_altar_leap_of_faith, minivault_14,
          grunt_ministairs_6
D:3:      layout_loops_ring, chequers_temple_overflow_statue_of_worship,
          nicolae_vehumet_altar_sigil, nicolae_qazlal_eye_of_the_storm,
          minmay_misc_feat_ornament, serial_bayou_pond_e
D:4:      nicolae_cairo_tiling_large_dashed, layout_loops_ring,
          lemuel_crystal_altar, kennysheep_slug_shrine, uniq_edmund

Skill      XL: |  1  2  3  4 |
---------------+-------------+-----
Invocations    | 1 |  1.5
Short Blades   | 1 |  1.4
Long Blades    | 1 |  1.4
Axes           | 1 |  1.4
Maces & Flails | 1 |  1.4
Polearms       | 1 |  1.4
Staves         | 1 |  1.4
Slings         | 1 |  1.4
Crossbows      | 1 |  1.4
Throwing       | 1 |  1.4
Armour         | 1 |  1.4
Stealth        | 1 |  1.4
Shields        | 1 |  1.4
Unarmed Combat | 1 |  1.4
Evocations     | 1 |  1.4
Spellcasting   | 3 |  3.1
Conjurations   | 1 |  1.1
Summonings     | 1 |  1.1
Necromancy     | 1 |  1.1
Translocations | 1 |  1.1
Transmutations | 1 |  1.1
Fire Magic     | 1 |  1.1
Ice Magic      | 1 |  1.1
Air Magic      | 1 |  1.1
Earth Magic    | 1 |  1.1
Poison Magic   | 1 |  1.1
Fighting       | |  2.9
Bows           | |  4.7
Dodging        | |  4.7
Hexes          | |  5.5

Action                   |  1- 3 |  4- 6 || total
-------------------------+-------+-------++-------
 Fire: Shortbow          |    81 |   118 ||   199
 Cast: Slow              |     1 |       ||     1
  Use: Potion            |       |     1 ||     1
       Scroll            |       |     9 ||     9
Armor: Robe              |     6 |     8 ||    14
       Ring mail         |       |    15 ||    15
Dodge: Dodged            |    16 |    61 ||    77

Table legend: (Time is in decaauts)
 A = Elapsed time spent in this place.
 B = Non-inter-level travel time spent in this place.
 C = Inter-level travel time spent in this place.
 D = Time resting spent in this place.
 E = Time spent auto-exploring this place.
 F = Levels seen in this place.
 G = Mean time per level.
                   A        B        C        D        E       F      G
               +--------+--------+--------+--------+--------+-----+--------+
         Total |   2616 |   2595 |     21 |      0 |   2188 |   4 |  654.0 |
       Dungeon |   2616 |   2595 |     21 |      0 |   2188 |   4 |  654.0 |
               +--------+--------+--------+--------+--------+-----+--------+

Top non-repeatable levels by time:
     D:3: 1361 daAuts
     D:1: 543 daAuts
     D:2: 535 daAuts
     D:4: 176 daAuts
